 Dungeon Crawl Stone Soup version 0.21-a0-210-gbfa5647 (webtiles) character file.

1504 roguesci the Magician (level 8, -1/42 HPs)
             Began as a Vine Stalker Transmuter on Aug 21, 2017.
             Was a Priest of Okawaru.
             Slain by a hornet zombie (5 damage)
             ... on level 8 of the Dungeon.
             The game lasted 00:28:08 (6751 turns).

roguesci the Magician (Vine Stalker Transmuter)     Turns: 6751, Time: 00:28:09

Health: -1/42      AC:  5    Str: 14    XL:     8   Next: 82%
Magic:  0/16       EV: 19    Int: 15    God:    Okawaru [***...]
Gold:   294        SH:  0    Dex: 19    Spells: 5/16 levels left

rFire    . . .     SeeInvis .   o - +2 mace (crush)
rCold    . . .     Gourm    .   (no shield)
rNeg     . . .     Faith    .   b - +0 robe
rPois    .         Spirit   +   v - +1 helmet
rElec    .         Reflect  .   (no cloak)
rCorr    .         Harm     .   q - +0 pair of gloves
MR       ++...                  (no boots)
Stlth    +++++.....             (no amulet)
HPRegen  0.54/turn              n - ring of protection from magic
MPRegen  0.15/turn              y - ring of wizardry

@: agile, very slightly contaminated
A: fangs 3, camouflage 1, regeneration 1, magic shield, antimagic bite, no
potion heal 3, rot immunity
a: Heroism, Renounce Religion


You were on level 8 of the Dungeon.
You worshipped Okawaru.
Okawaru was most pleased with you.
You were not hungry.

You visited 1 branch of the dungeon, and saw 7 of its levels.

You collected 294 gold pieces.

Inventory:

Hand Weapons
 k - a +1 whip of electrocution
 o - a +2 mace of crushing (weapon)
Missiles
 g - 173 stones (quivered)
 p - a throwing net
Armour
 b - a +0 robe (worn)
 f - a +0 shield
 q - a +0 pair of gloves (worn)
 v - a +1 helmet (worn)
Jewellery
 j - an uncursed amulet of the gourmand {unknown}
 n - a ring of protection from magic (left hand)
 y - a ring of wizardry (right hand)
Wands
 w - a wand of polymorph (19/24)
Scrolls
 e - 6 scrolls of identify
 h - 2 scrolls of magic mapping {unknown}
 l - 4 scrolls of remove curse
 m - 4 scrolls of amnesia {unknown}
Books
 c - a book of Changes

   Spells                             Type                      Level
   a - Beastly Appendage              Transmutation                1
   b - Sticks to Snakes               Transmutation                2
   c - Spider Form                    Transmutation/Poison         3
   d - Ice Form                       Ice/Transmutation            4
   e - Blade Hands                    Transmutation                5
 i - a book of Minor Magic

   Spells                             Type                      Level
   a - Magic Dart                     Conjuration                  1
   b - Blink                          Translocation                2
   c - Call Imp                       Summoning                    2
   d - Slow                           Hexes                        2
   e - Conjure Flame                  Conjuration/Fire             3
   f - Mephitic Cloud                 Conjuration/Poison/Air       3
Comestibles
 d - 2 bread rations
 r - 2 chunks of flesh
 s - 4 fruits
 u - 2 meat rations


   Skills:
 * Level 3.9 Fighting
 + Level 2.3 Maces & Flails
 - Level 1.3 Armour
 + Level 3.3 Dodging
 + Level 4.6 Stealth
 - Level 3.0 Unarmed Combat
 * Level 4.8 Spellcasting
 + Level 4.0 Transmutations
 * Level 4.4 Poison Magic


You had 5 spell levels left.
You knew the following spells:

 Your Spells              Type           Power        Failure   Level  Hunger
a - Beastly Appendage     Tmut           ###...       1%          1    None
b - Spider Form           Tmut/Pois      ###.......   3%          3    ###....
c - Mephitic Cloud        Conj/Pois/Air  #.......     11%         3    ###....
d - Slow                  Hex            #.......     11%         2    ##.....
e - Blink                 Tloc           N/A          11%         2    ##.....


Dungeon Overview and Level Annotations

Branches:
Dungeon (6/15)             Temple (0/1) D:4

Altars:
Dithmenos
Nemelex Xobeh
Okawaru
Qazlal
Yredelemnul


Innate Abilities, Weirdness & Mutations

You have razor-sharp teeth.
Your natural rate of healing is unusually fast.
When hurt, damage is shared between your health and your magic reserves.
Your bite disrupts and absorbs the magic of your enemies.
Potions cannot restore your health.
You are immune to rotting.
Your skin changes colour to match your surroundings (Stealth+).


Message History

Casting: Mephitic Cloud
Confirm with . or Enter, or press ? or * to list all spells.
You don't have enough magic to cast that spell.
Casting: Mephitic Cloud
Confirm with . or Enter, or press ? or * to list all spells.
You miscast Spider Form.
Nothing appears to happen.
The hornet zombie hits you!
* * * LOW HITPOINT WARNING * * *
Unknown command.
The hornet zombie misses you.
The hornet zombie hits you but does no damage.
The hornet zombie hits you.
* * * LOW HITPOINT WARNING * * *
The hornet zombie barely misses you.
It was a potion of mutation.
You feel extremely strange.
Your skin functions as natural camouflage.
The hornet zombie closely misses you. The hornet zombie hits you!
* * * LOW HITPOINT WARNING * * *
You feel agile all of a sudden. The hornet zombie hits you.
You die...

### ### #.. ##.##
#.# ##Z#.## #.#
##@###.###.#####
#.## ##.....)..#
##.###.###.###.....
##.#.## #.# ...
##.## #.. . #.#
#### #.# #.# #.#


You could see a hornet zombie.

Vanquished Creatures
  A two-headed ogre (D:3)
  A sky beast (D:8)
  An ogre (D:8)
  A scorpion (D:4)
  A jelly (D:5)
  An orc priest (D:3)
  4 orc wizards
  A bullfrog skeleton (D:6)
  2 iguanas
  5 worker ants
  Robin (D:4)
  A howler monkey skeleton (D:3)
  4 gnolls (D:5)
  8 adders
  An ooze (D:2)
  6 worms
  2 dart slugs
  4 leopard geckos
  18 orcs
  2 ball pythons (D:2)
  9 giant cockroaches
  14 goblins
  9 hobgoblins
  3 quokkas
  8 bats
  7 frilled lizards
  6 kobolds
  A leopard gecko zombie (D:5)
  22 rats
144 creatures vanquished.

Vanquished Creatures (others)
  A dart slug (D:1)
  A bat (D:1)
2 creatures vanquished.

Grand Total: 146 creatures vanquished

Notes
Turn   | Place    | Note
-------+----------+-------------------------------------------
     0 | D:1      | roguesci the Vine Stalker Transmuter began the quest for the Orb.
     0 | D:1      | Reached XP level 1. HP: 9/9 MP: 4/4
   218 | D:1      | Reached skill level 1 in Stealth
   218 | D:1      | Reached XP level 2. HP: 14/14 MP: 4/6
   604 | D:1      | Reached skill level 1 in Fighting
   696 | D:1      | Reached XP level 3. HP: 17/18 MP: 4/7
   705 | D:1      | Learned a level 3 spell: Spider Form
  1901 | D:2      | Gained mutation: Your natural rate of healing is unusually fast. [Vine Stalker growth]
  1901 | D:2      | Reached XP level 4. HP: 17/22 MP: 5/8
  2198 | D:2      | Reached skill level 1 in Poison Magic
  2234 | D:2      | Found a stormy altar of Qazlal.
  2905 | D:3      | Found a basalt altar of Yredelemnul.
  3103 | D:3      | Reached skill level 1 in Armour
  3103 | D:3      | Reached XP level 5. HP: 9/25 MP: 5/10
  3459 | D:3      | Reached XP level 6. HP: 26/30 MP: 3/11
  3558 | D:3      | Found an iron altar of Okawaru.
  4039 | D:3      | Became a worshipper of Warmaster Okawaru
  4169 | D:4      | Noticed a two-headed ogre
  4455 | D:4      | Found a sparkling altar of Nemelex Xobeh.
  4657 | D:4      | Found a shadowy altar of Dithmenos.
  4892 | D:4      | Reached skill level 1 in Maces & Flails
  4953 | D:4      | Noticed Robin
  4978 | D:4      | Killed Robin
  5137 | D:4      | Reached XP level 7. HP: 35/35 MP: 8/12
  5360 | D:3      | Killed a two-headed ogre
  5360 | D:3      | Reached * piety under Okawaru
  5360 | D:3      | Reached ** piety under Okawaru
  5360 | D:3      | Gained mutation: You have razor-sharp teeth. [Vine Stalker growth]
  5360 | D:3      | Reached XP level 8. HP: 28/40 MP: 3/15
  5463 | D:3      | Learned a level 3 spell: Mephitic Cloud
  5466 | D:3      | Learned a level 2 spell: Slow
  5469 | D:3      | Learned a level 2 spell: Blink
  5565 | D:4      | Found a staircase to the Ecumenical Temple.
  5694 | D:5      | Entered Level 5 of the Dungeon
  5707 | D:5      | Found a stormy altar of Qazlal.
  5793 | D:5      | Noticed a two-headed ogre
  6185 | D:5      | You fall through a shaft!
  6675 | D:5      | You fall through a shaft for 3 floors!
  6730 | D:8      | Reached *** piety under Okawaru
  6750 | D:8      | Gained mutation: Your skin changes colour to match your surroundings (Stealth+). [potion of mutation]
  6751 | D:8      | Slain by a hornet zombie

Vault maps used:
D:1:      dpeg_arrival_pits, lemuel_flame_loot_1
D:2:      kennysheep_cross_bottleneck, minivault_25, grunt_qazlal_clouds
D:3:      okawaru_gym_becter, overflow_temple_1_default, first_bread,
          minmay_rat_hole
D:4:      marbit_many_paths, overflow_temple_1_default,
          minmay_temple_entry_hall, grunt_ministairs_9, uniq_robin
D:5:      overflow_temple_1_default, nicolae_overflow_crystal_walls
D:6:      zin_purify, makhleb_altar_promises_db, kennysheep_mini_moat, tgw_sif,
          serial_shops, shop, uniq_menkaure
D:8:      serial_shops, shop, nicolae_shop_waterfront, shop, shop,
          david_nohive_1, uniq_pikel, uniq_maurice

Skill      XL: |  1  2  3  4  5  6  7  8 |
---------------+-------------------------+-----
Stealth        | 1 2 3 4 |  4.6
Fighting       | 1 2 3 |  3.9
Dodging        | 2 3 |  3.3
Poison Magic   | 1 2 3 4 |  4.4
Armour         | 1 |  1.3
Spellcasting   | 3 4 |  4.8
Transmutations | 3 4 |  4.0
Maces & Flails | 1 2 |  2.3
Unarmed Combat | |  3.0

Action                   |  1- 3 |  4- 6 |  7- 9 || total
-------------------------+-------+-------+-------++-------
Melee: Unarmed           |   102 |   113 |    81 ||   296
       Bite              |    21 |    18 |     5 ||    44
       Headbutt          |     6 |       |       ||     6
       Mace              |     7 |   100 |    19 ||   126
       Punch             |       |     2 |       ||     2
Throw: Stone             |     2 |    14 |     7 ||    23
 Cast: Beastly Appendage |     8 |       |       ||     8
       Spider Form       |     2 |    13 |    16 ||    31
       Slow              |       |       |     2 ||     2
       Mephitic Cloud    |       |       |     2 ||     2
       Blink             |       |       |     1 ||     1
 Abil: End Transformatio |     2 |       |       ||     2
  Use: Potion            |       |     6 |     2 ||     8
       Scroll            |       |       |     8 ||     8
 Stab: Sleeping          |       |     8 |     1 ||     9
  Eat: Chunk             |     1 |    10 |     5 ||    16
       Royal jelly       |     1 |     1 |     2 ||     4
Armor: Robe              |    31 |    11 |     3 ||    45
       Skin              |     1 |     4 |     6 ||    11
Dodge: Dodged            |    87 |   134 |    89 ||   310

Table legend:
 A = Spawn XP
 B = Non-spawn XP
 C = Spawn XP percentage of total XP
 D = Spawn monster count
 E = Non-spawn monster count
 F = Spawn count percentage of total count
 G = Total turns spent on level
                    A         B        C        D         E        F      G
               +---------+---------+-------+---------+---------+-------+---------
         Total |    1228 |     921 |  57.1 |      28 |     116 |  19.4 |  6751
               +---------+---------+-------+---------+---------+-------+---------
           D:1 |       7 |      44 |  13.7 |       4 |      24 |  14.3 |  1298
           D:2 |      47 |      42 |  52.8 |       6 |      15 |  28.6 |  1544
           D:3 |     946 |     179 |  84.1 |       5 |      39 |  11.4 |  1375
           D:4 |     151 |     194 |  43.8 |      11 |      23 |  32.4 |  1575
           D:5 |      77 |     148 |  34.2 |       2 |      11 |  15.4 |   785
           D:6 |       0 |      75 |   0.0 |       0 |       2 |   0.0 |    98
           D:8 |       0 |     239 |   0.0 |       0 |       2 |   0.0 |    76
               +---------+---------+-------+---------+---------+-------+---------
